 Dungeon Crawl Stone Soup version 0.17-a0-2208-ge5ab1d3 (webtiles) character file.

8353 mrath the Nimble (level 11, -8/84 HPs)
             Began as a Merfolk Ice Elementalist on Oct 26, 2015.
             Was a Priest of Sif Muna.
             Mangled by Gastronok (19 damage)
             ... on level 9 of the Dungeon.
             The game lasted 03:25:41 (18451 turns).

mrath the Nimble (Merfolk Ice Elementalist)        Turns: 18451, Time: 03:25:41

Health: -8/84      AC: 12    Str:  9    XL:     11   Next: 29%
Magic:  27/29      EV: 18    Int: 14    God:    Sif Muna [***...]
Gold:   421        SH:  0    Dex: 18    Spells: 4 memorised, 12 levels left

rFire  + . .     SeeInvis +     E - +2 trident
rCold  . . .     Clarity  .     r - +3 leather armour {rF+}
rNeg   . . .     SustAt   .     (no shield)
rPois  .         Gourm    .     x - +2 hat
rElec  .         Spirit   .     M - +2 cloak
rCorr  .         Warding  .     o - +0 pair of gloves
rMut   .         Stasis   .     (no boots)
MR     .....                    (no amulet)
Stlth  ++........               m - ring of magical power
                                e - ring of see invisible

@: very slightly contaminated, drained, not resistant to hostile enchantments,
unstealthy
A: change form in water, swift swim
a: Channel Energy, Forget Spell, Renounce Religion


You were on level 9 of the Dungeon.
You worshipped Sif Muna.
Sif Muna was most pleased with you.
You were not hungry.

You visited 2 branches of the dungeon, and saw 11 of its levels.

You collected 723 gold pieces.
You spent 302 gold pieces at shops.

Inventory:

Hand Weapons
 p - a +0 hunting sling
 E - a +2 trident (weapon)
 Y - a +0 blowgun
Missiles
 k - 220 stones
 J - 2 throwing nets
 P - 22 poisoned needles
 Z - 2 tomahawks (quivered)
Armour
 a - a +0 robe
 o - a +0 pair of gloves (worn)
 r - a +3 leather armour of fire resistance (worn)
 x - a +2 hat (worn)
 M - a +2 cloak (worn)
Jewellery
 e - a ring of see invisible (left hand)
 m - a ring of magical power (right hand)
 D - an uncursed ring of flight
 R - an uncursed ring of protection from magic
 S - a +5 ring of dexterity
Wands
 f - a wand of draining (0)
 j - a wand of slowing (3)
 n - a wand of polymorph (12)
 N - a wand of cold (6)
Scrolls
 g - 7 scrolls of remove curse
 h - a scroll of amnesia {unknown}
 y - 3 scrolls of enchant armour
 A - 3 scrolls of magic mapping
 C - 3 scrolls of identify
 I - 3 scrolls of teleportation
 K - 4 scrolls of recharging
 O - a scroll of random uselessness {unknown}
 U - a scroll of holy word {unknown}
Potions
 i - a potion of mutation
 u - a potion of magic
 w - a potion of cancellation
 F - a potion of ambrosia {unknown}
 H - a potion of brilliance {unknown}
 Q - a potion of berserk rage
 T - 4 potions of lignification
 V - a potion of flight {unknown}
Books
 b - a book of Frost

   Spells                             Type                      Level
   a - Freeze                         Ice                          1
   b - Throw Frost                    Conjuration/Ice              2
   c - Ozocubu's Armour               Charms/Ice                   3
   d - Throw Icicle                   Conjuration/Ice              4
   e - Summon Ice Beast               Ice/Summoning                4
   f - Condensation Shield            Ice                          4
Comestibles
 c - 4 bread rations
 s - 4 meat rations
 X - 4 slices of pizza


   Skills:
 + Level 7.1(6.2) Fighting
 + Level 5.9(5.0) Polearms
 + Level 9.5(8.6) Dodging
 - Level 2.1(1.4) Stealth
 + Level 6.4(5.5) Spellcasting
 - Level 0.7(0.0) Conjurations
 + Level 6.7(5.7) Charms
 + Level 8.0(7.1) Ice Magic
 + Level 6.7(5.8) Invocations
 + Level 4.2(3.3) Evocations


You had 12 spell levels left.
You knew the following spells:

 Your Spells              Type           Power        Failure   Level  Hunger
a - Freeze                Ice            ###.         1%          1    None
b - Throw Frost           Conj/Ice       ##....       12%         2    ##.....
c - Ozocubu's Armour      Chrm/Ice       ###.....     6%          3    ###....
d - Condensation Shield   Ice            ###.......   14%         4    ####...


Dungeon Overview and Level Annotations

Branches:
Dungeon (10/15)            Temple (1/1) D:7
   Lair: D:8-11         Orc: D:9-12

Altars:
Ashenzari
Cheibriados
Dithmenos
Elyvilon
Fedhas
Gozag
Kikubaaqudgha
Makhleb
Nemelex Xobeh
Okawaru
Qazlal
Ru
Sif Muna
Trog
Vehumet
Xom
Yredelemnul
Zin
The Shining One

Shops:
D:4 ?%%=%   D:5 [

Annotations:
D:9 Gastronok
D:10 Grum, Psyche


Message History

You hit Gastronok.
Gastronok is severely wounded.
The quokka misses you.
The quokka bites you but does no damage.
The river rat misses you.
You hit Gastronok but do no damage.
Gastronok is severely wounded.
The quokka bites you.
* * * LOW HITPOINT WARNING * * *
Gastronok bites you.
* * * LOW HITPOINT WARNING * * *
The river rat closely misses you. The quokka closely misses you.
The river rat bites you but does no damage.
You climb upwards.
There is a stone staircase leading down, spattered with blood here.
You hit Gastronok but do no damage.
Gastronok is severely wounded.
Gastronok bites you!!
You die...

..## #...<........# ##.# ..
#)...........# ##..# ..#
##...........## ##..## ..#
##(..........## #..## ..#
##(..####....## #..# ..# ##...##
###.## #..# ..# ##.(.## ### #..##
..###...## ##### #...## .......##
##@).#### #....# ......##
##w<.....######..... <.....#
##.........>.........
......#######.....#...)..........
...............#######...[......#
###......>...### ###......### #
#.....###### ##...### #....##
##### #...##


You could see Gastronok.

Vanquished Creatures
  Harold (D:10)
  An unseen horror (D:10)
  Pikel (D:8)
  A troll (D:9)
  A deep elf mage (D:6)
  A trapdoor spider (D:9)
  A human (D:7)
  A wyvern (D:9)
  A sky beast (D:8)
  Eustachio (D:5)
  4 wolves (D:9)
  2 orc warriors
  A water moccasin (D:7)
  2 necrophages
  5 ogres
  A wasp (D:8)
  2 black bears (D:7)
  A phantom (D:9)
  10 big kobolds
  3 centaurs
  Blork the orc (D:4)
  3 giant frogs
  A scorpion (D:6)
  7 wights
  2 killer bees
  4 hounds
  8 crimson imps
  2 jellies
  12 orc priests
  A quasit (D:6)
  A giant frog zombie (D:9)
  4 centaur zombies
  5 orc wizards
  3 centaur skeletons
  2 iguanas
  4 worker ants
  4 sheep
  3 killer bee zombies
  3 worker ant zombies
  16 adders
  8 gnolls
  2 shadow imps
  3 oozes
  An adder skeleton (D:9)
  An adder zombie (D:7)
  A worm (D:3)
  6 giant geckos
  43 orcs
  3 ball pythons
  10 bats
  8 giant cockroaches
  3 hobgoblins
  23 kobolds
  10 quokkas
  2 giant gecko skeletons
  5 giant newts
  17 goblins
  12 jackals
  A jackal zombie (D:5)
  8 rats
294 creatures vanquished.

Vanquished Creatures (others)
  An orc warrior (D:8)
  A sky beast (D:8)
  3 slaves (D:8)
  A big kobold (D:8)
  A hound (D:8)
  An orc wizard (D:8)
  An orc priest (D:8)
  5 orcs (D:8)
  A giant gecko zombie (D:8)
  A quokka (D:8)
  6 fungi (D:8)
22 creatures vanquished.

Grand Total: 316 creatures vanquished

Notes
Turn   | Place    | Note
--------------------------------------------------------------
     0 | D:1      | mrath the Merfolk Ice Elementalist began the quest for the Orb.
     0 | D:1      | Reached XP level 1. HP: 13/13 MP: 3/3
   258 | D:1      | Reached XP level 2. HP: 15/20 MP: 5/5
   593 | D:1      | Reached skill level 1 in Fighting
   713 | D:1      | Learned a level 2 spell: Throw Frost
   879 | D:1      | Reached XP level 3. HP: 26/26 MP: 4/6
  1761 | D:2      | Found a deep blue altar of Sif Muna.
  1857 | D:2      | Became a worshipper of Sif Muna the Loreminder
  1880 | D:2      | Found a stormy altar of Qazlal.
  1895 | D:2      | Reached XP level 4. HP: 27/32 MP: 5/7
  1952 | D:2      | Found an iron altar of Okawaru.
  2006 | D:2      | Reached skill level 4 in Dodging
  2894 | D:2      | Reached XP level 5. HP: 33/38 MP: 1/8
  2895 | D:2      | Reached skill level 1 in Invocations
  3086 | D:2      | Learned a level 3 spell: Ozocubu's Armour
  3873 | D:3      | Found a sacrificial altar of Ru.
  3908 | D:4      | Found Nirha's Magic Scroll Shoppe.
  3920 | D:4      | Bought a scroll of identify for 26 gold pieces
  3997 | D:4      | Found Piwnotti's Food Shoppe.
  4001 | D:4      | Reached XP level 6. HP: 46/46 MP: 10/10
  4010 | D:4      | Found Zipiu's Jewellery Boutique.
  4170 | D:4      | Found Yskuiphank's Food Emporium.
  4174 | D:4      | Found Topraemo's Food Shoppe.
  4492 | D:4      | Reached skill level 1 in Charms
  4627 | D:5      | Entered Level 5 of the Dungeon
  4664 | D:5      | Reached skill level 5 in Dodging
  4813 | D:5      | Found a shattered altar of Ashenzari.
  4830 | D:5      | Reached XP level 7. HP: 52/52 MP: 11/11
  4948 | D:5      | Noticed Eustachio
  4991 | D:5      | Killed Eustachio
  5286 | D:5      | Reached skill level 5 in Ice Magic
  5430 | D:5      | Found Qutogg's Antique Armour Emporium.
  5878 | D:5      | Found a snail-covered altar of Cheibriados.
  6087 | D:5      | Reached * piety under Sif Muna
  6087 | D:5      | Reached XP level 8. HP: 42/58 MP: 13/13
  6184 | D:5      | Reached skill level 6 in Dodging
  6241 | D:5      | Bought a runed cloak for 94 gold pieces
  6327 | D:5      | Noticed Blork the orc
  6337 | D:4      | Killed Blork the orc
  8118 | D:6      | Reached skill level 5 in Fighting
  8118 | D:6      | Reached XP level 9. HP: 47/66 MP: 15/15
  8617 | D:7      | Reached ** piety under Sif Muna
  8617 | D:7      | Reached skill level 7 in Dodging
  8990 | D:7      | Reached skill level 1 in Evocations
  9318 | D:7      | Found a staircase to the Ecumenical Temple.
  9692 | D:6      | Reached skill level 5 in Spellcasting
 10071 | D:7      | Reached skill level 1 in Polearms
 10230 | D:7      | Reached skill level 5 in Invocations
 10724 | D:7      | Reached skill level 5 in Charms
 11135 | D:6      | Reached skill level 8 in Dodging
 11732 | D:6      | Reached XP level 10. HP: 66/74 MP: 18/18
 11901 | D:8      | Noticed Pikel
 12304 | D:8      | Found an iron altar of Okawaru.
 12376 | D:8      | Found a radiant altar of Vehumet.
 12431 | D:8      | Killed Pikel
 13400 | D:8      | Found a shadowy altar of Dithmenos.
 14025 | D:9      | Paralysed by a wasp for 1 turns
 14819 | D:9      | Reached skill level 9 in Dodging
 15889 | D:9      | Learned a level 4 spell: Condensation Shield
 15923 | D:10     | Entered Level 10 of the Dungeon
 16079 | D:9      | HP: 1/77 [trapdoor spider (17)]
 16084 | D:9      | HP: 3/77 [trapdoor spider (8)]
 16297 | D:9      | Reached *** piety under Sif Muna
 16543 | D:7      | Reached skill level 5 in Polearms
 16769 | Temple   | Entered the Ecumenical Temple
 17020 | D:4      | Bought a scroll of identify for 26 gold pieces
 17020 | D:4      | Bought a scroll of identify for 26 gold pieces
 17020 | D:4      | Bought a scroll of identify for 26 gold pieces
 17020 | D:4      | Bought a scroll of identify for 26 gold pieces
 17020 | D:4      | Bought 2 scrolls of teleportation for 78 gold pieces
 17176 | D:10     | Noticed an unseen horror
 17192 | D:10     | Killed an unseen horror
 17192 | D:10     | Reached XP level 11. HP: 83/83 MP: 20/20
 17247 | D:10     | Noticed Grum
 17524 | D:10     | Noticed Psyche
 17546 | D:10     | Noticed Harold
 18005 | D:10     | Killed Harold
 18413 | D:10     | Noticed Gastronok
 18451 | D:9      | Mangled by Gastronok

Vault maps used:
D:1:      lemuel_arrival_behind_the_door_small
D:2:      grunt_qazlal_sundering, overflow_temple_1_default, okawaru_gym_becter
D:3:      first_bread, nicolae_ru_the_path_less_chosen
D:4:      serial_shops, nicolae_shop_behind_doors, shop, shop,
          nicolae_shop_crystal, shop_fountains
D:5:      ashenzari_altar_1, cheibriados_altar_wand_db, serial_shops, shop,
          uniq_blork_the_orc, uniq_eustachio
D:6:      serial_bayou_pond_d
D:7:      minmay_temple_entry_poolview, grunt_livestock
D:8:      old_standard_altar, fiery_altar_vehumet,
          nicolae_dithmenos_through_a_glass_darkly, special_room,
          minmay_gold_behind_fungi, uniq_pikel
D:10:     erik_lair_dragon, uniq_grum, uniq_harold, uniq_psyche, uniq_gastronok
Temple:   zaba_magenta_temple_12

Action                   |  1- 3 |  4- 6 |  7- 9 | 10-12 || total
-------------------------+-------+-------+-------+-------++-------
Melee: Short sword       |    10 |       |       |       ||    10
       Spear             |       |       |   298 |   133 ||   431
       Trident           |       |       |       |   106 ||   106
 Fire: Hunting sling     |    18 |   130 |   134 |    76 ||   358
       Blowgun           |       |       |       |    80 ||    80
Throw: Stone             |     7 |       |    21 |     4 ||    32
 Cast: Freeze            |    41 |    75 |   241 |   140 ||   497
       Throw Frost       |       |       |    77 |    60 ||   137
       Ozocubu's Armour  |       |       |     3 |     4 ||     7
Evoke: Wand              |       |       |     1 |     2 ||     3
  Use: Scroll            |       |     5 |       |    12 ||    17
       Potion            |       |       |     2 |     8 ||    10
 Stab: Sleeping          |     2 |       |     1 |     1 ||     4
       Distracted        |       |       |     1 |     3 ||     4
  Eat: Chunk             |     3 |     8 |     8 |    12 ||    31
       Fruit             |     1 |     2 |     6 |       ||     9
       Bread ration      |       |       |     2 |       ||     2
       Beef jerky        |       |       |     1 |     3 ||     4
       Meat ration       |       |       |     1 |       ||     1
       Pizza             |       |       |       |     3 ||     3
